 Dungeon Crawl Stone Soup version 0.21.1-1-g345015f (webtiles) character file.

151 mikered the Slasher (level 5, -3/41 HPs)
             Began as a Demonspawn Gladiator on Apr 22, 2018.
             Slain by a phantom (5 damage)
             ... in the Ecumenical Temple.
             The game lasted 00:11:42 (1439 turns).

mikered the Slasher (Demonspawn Gladiator)          Turns: 1439, Time: 00:11:43

Health: -3/41      AC:  6    Str: 14 (15) XL:     5   Next: 11%
Magic:  5/5        EV: 13    Int:  7 (9)  God:
Gold:   33         SH:  0    Dex: 14 (15) Spells: 4/4 levels left

rFire    . . .     SeeInvis .   a - +0 long sword
rCold    . . .     Gourm    .   (no shield)
rNeg     . . .     Faith    .   b - +0 leather armour
rPois    .         Spirit   .   c - +0 helmet
rElec    .         Reflect  .   (no cloak)
rCorr    .         Harm     .   (no gloves)
MR       .....                  (no boots)
Stlth    ++........             (no amulet)
HPRegen  0.13/turn              (no ring)
MPRegen  0.09/turn              (no ring)

@: no status effects
A: claws 1, yellow scales 1
a: no special abilities


You were in the Ecumenical Temple.
You were not hungry.

You visited 2 branches of the dungeon, and saw 6 of its levels.

You collected 33 gold pieces.

Inventory:

Hand Weapons
 a - a +0 long sword (weapon)
 g - a +0 short sword
 j - a +0 blowgun
Missiles
 d - 28 poisoned needles
Armour
 b - a +0 leather armour (worn)
 c - a +0 helmet (worn)
Comestibles
 f - 3 rations


   Skills:
 - Level 3.0 Fighting
 - Level 3.1 Long Blades
 - Level 2.0 Throwing
 - Level 2.1 Armour
 + Level 3.1 Dodging
 - Level 2.0 Stealth


You had 4 spell levels left.
You didn't know any spells.

Dungeon Overview and Level Annotations

Branches:
Dungeon (5/15)             Temple (1/1) D:5

Altars:
Fedhas
Ru
Zin

Shops:
D:2 *   D:4 =

Annotations:
D:4 Dowan, Duvessa


Innate Abilities, Weirdness & Mutations

You have sharp fingernails.
You are partially covered in yellow scales. (AC +2)


Message History

Aim: a phantom (moderately damaged, immune to nets)
You throw a throwing net. The throwing net hits the phantom.
The net passes right through the phantom!
The phantom is moderately damaged.
The phantom hits you.
* * * LOW HITPOINT WARNING * * *
The phantom hits you.
* * * LOW HITPOINT WARNING * * *
There is an open door here.
You see here a throwing net.
l - a throwing net The phantom closely misses you.
Throwing (i - inventory):
l - a throwing net (quivered)
Press: ? - help, Shift-Dir - straight line, f/p - phantom
Aim: a phantom (moderately damaged, immune to nets)
You throw a throwing net. The throwing net misses the phantom.
The phantom barely misses you.
You riposte.
You slash the phantom!
The phantom is heavily damaged.
The phantom hits you.
You die...

#.......#
P.......#
##.......#
#........+
##.......#
#P.......#
##.......######
#..@.....##...##
##..W....#.....#
#P.......'.._.(#
##.......#.....#
#........##...##
##.......######
#P.......#
##.......#
#........+


You could see a phantom.

Vanquished Creatures
  A hound (D:5)
  3 adders (D:2)
  3 gnolls (D:5)
  An ooze (D:1)
  3 worms
  A leopard gecko (D:2)
  2 orcs (D:5)
  3 ball pythons
  A giant cockroach (D:2)
  7 goblins
  5 hobgoblins
  4 jackals (D:1)
  3 quokkas
  4 bats
  A frilled lizard (D:2)
  7 kobolds
  3 rats
52 creatures vanquished.

Notes
Turn   | Place    | Note
-------+----------+-------------------------------------------
     0 | D:1      | mikered the Demonspawn Gladiator began the quest for the Orb.
     0 | D:1      | Reached XP level 1. HP: 16/16 MP: 1/1
    45 | D:1      | Gained mutation: You have sharp fingernails. [demonic ancestry]
    45 | D:1      | Reached XP level 2. HP: 12/22 MP: 2/2
   278 | D:2      | Gained mutation: You are partially covered in yellow scales. (AC +2) [demonic ancestry]
   278 | D:2      | Reached XP level 3. HP: 23/27 MP: 3/3
   293 | D:2      | Reached skill level 1 in Stealth
   747 | D:2      | Reached XP level 4. HP: 28/34 MP: 4/4
   815 | D:2      | Found Zin's Purification Station.
   817 | D:2      | Found a glowing silver altar of Zin.
  1096 | D:4      | Found Tommutoim's Jewellery Emporium.
  1117 | D:4      | Noticed Duvessa
  1117 | D:4      | Noticed Dowan
  1129 | D:5      | Entered Level 5 of the Dungeon
  1204 | D:5      | Found a sacrificial altar of Ru.
  1244 | D:5      | Reached skill level 1 in Armour
  1316 | D:5      | Reached XP level 5. HP: 31/41 MP: 5/5
  1330 | D:5      | Noticed a phantom
  1372 | D:5      | Found a staircase to the Ecumenical Temple.
  1382 | Temple   | Entered the Ecumenical Temple
  1430 | Temple   | HP: 1/41 [phantom (3)]
  1439 | Temple   | Slain by a phantom

Skill      XL: |  1  2  3  4 |
---------------+-------------+-----
Long Blades    | 3 |  3.1
Throwing       | 2 |  2.0
Dodging        | 3 |  3.1
Stealth        | 2 |  2.0
Fighting       | 3 |  3.0
Armour         | 2 |  2.1

Action                   |  1- 3 |  4- 6 || total
-------------------------+-------+-------++-------
Melee: Long sword        |    94 |    68 ||   162
 Fire: Blowgun           |       |     4 ||     4
Throw: Throwing net      |     4 |     2 ||     6
  Use: Scroll            |       |     2 ||     2
       Potion            |       |     2 ||     2
 Stab: Sleeping          |     1 |     1 ||     2
  Eat: Ration            |       |     1 ||     1
Armor: Leather armour    |    19 |    18 ||    37
Dodge: Dodged            |    61 |    58 ||   119
       Rpst.: Long sword |    22 |    22 ||    44
